 Dungeon Crawl Stone Soup version 0.22.0 (webtiles) character file.

2522 broliato the Cleaver (level 9, -1/78 HPs)
             Began as a Minotaur Gladiator on Aug 11, 2018.
             Was a Priest of Okawaru.
             Slain by Joseph
             ... wielding a +4 quarterstaff of pain
              (2 damage)
             ... on level 9 of the Dungeon.
             The game lasted 00:23:22 (6566 turns).

broliato the Cleaver (Minotaur Gladiator)           Turns: 6566, Time: 00:23:23

Health: -1/78      AC: 10    Str: 20    XL:     9   Next: 29%
Magic:  6/8        EV: 17    Int:  5    God:    Okawaru [***...]
Gold:   530        SH:  0    Dex: 14    Spells: 8/8 levels left

rFire    . . .     SeeInvis +   a - +5 battleaxe (chop)
rCold    + . .     Gourm    .   (shield currently unavailable)
rNeg     . . .     Faith    .   o - +0 ring mail
rPois    .         Spirit   .   c - +0 hat
rElec    .         Reflect  .   (no cloak)
rCorr    .         Harm     .   e - +0 pair of gloves
MR       .....                  B - +0 pair of boots
Stlth    ++........             m - amulet of the acrobat
HPRegen  0.23/turn              n - ring of see invisible
MPRegen  0.11/turn              p - ring of protection from cold

@: heroism
A: retaliatory headbutt, horns 2
a: Heroism, Renounce Religion


You were on level 9 of the Dungeon.
You worshipped Okawaru.
Okawaru was most pleased with you.
You were not hungry.

You visited 2 branches of the dungeon, and saw 10 of its levels.

You collected 530 gold pieces.

Inventory:

Hand Weapons
 a - a +5 battleaxe of chopping (weapon)
Missiles
 d - 6 throwing nets (quivered)
Armour
 c - a +0 hat (worn)
 e - a +0 pair of gloves (worn)
 o - a +0 ring mail (worn)
 B - a +0 pair of boots (worn)
 J - the +4 leather armour of the Ban {Dex+4}
   (You found it on level 8 of the Dungeon)

   It affects your dexterity (+4).
Jewellery
 g - an uncursed ring of flight
 i - an uncursed ring of magical power
 m - an amulet of the acrobat (around neck)
 n - a ring of see invisible (left hand)
 p - a ring of protection from cold (right hand)
 r - a cursed -3 ring of intelligence {unknown}
 z - an uncursed amulet of the gourmand {unknown}
 C - a +1 ring of protection {unknown}
 I - an uncursed ring of poison resistance {unknown}
Wands
 l - a wand of digging (26)
 y - a wand of acid (18)
 D - a wand of flame (25)
 G - a wand of iceblast (10)
 L - a wand of paralysis (13)
Scrolls
 h - 8 scrolls of remove curse
 k - 4 scrolls of teleportation {unknown}
 s - a scroll of blinking {unknown}
 v - a scroll of random uselessness {unknown}
 w - 2 scrolls of enchant weapon
 x - a scroll of amnesia {unknown}
 E - a scroll of identify
 F - a scroll of immolation {unknown}
Potions
 b - 2 potions of lignification {unknown}
 j - 2 potions of invisibility {unknown}
 q - 2 potions of magic {unknown}
 t - a potion of degeneration {unknown}
 u - a potion of agility {unknown}
 A - a potion of resistance {unknown}
 H - 2 potions of heal wounds
 K - a potion of flight {unknown}
 M - a potion of mutation {unknown}
Comestibles
 f - 8 rations


   Skills:
 + Level 6.9(11.9) Fighting
 + Level 11.4(16.4) Axes
 - Level 2.0(7.0) Throwing
 + Level 6.1(11.1) Armour
 + Level 5.4(10.4) Dodging


You had 8 spell levels left.
You didn't know any spells.
Your spell library contained the following spells:

 Spells                   Type           Power        Failure   Level  Hunger
 Magic Dart               Conj           #...         63%         1    ##.....
 Conjure Flame            Conj/Fire      #.......     94%         3    ####...
 Slow                     Hex            #.......     77%         2    ###....
 Mephitic Cloud           Conj/Pois/Air  #.......     94%         3    ####...
 Blink                    Tloc           N/A          77%         2    ###....
 Call Imp                 Summ           #.......     77%         2    ###....


Dungeon Overview and Level Annotations

Branches:
Dungeon (9/15)             Temple (1/1) D:4
   Lair: D:8-11         Orc: D:9-12

Altars:
Ashenzari
Cheibriados
Dithmenos
Elyvilon
Fedhas
Gozag
Hepliaklqana
Kikubaaqudgha
Makhleb
Nemelex Xobeh
Okawaru
Qazlal
Ru
Sif Muna
Trog
Uskayaw
Vehumet
Wu Jian
Xom
Yredelemnul
Zin
The Shining One

Shops:
D:5 :

Annotations:
D:9 Joseph


Innate Abilities, Weirdness & Mutations

You reflexively headbutt those who attack you in melee.
You have a pair of horns on your head.


Message History

The sky beast flickers out of sight for a moment.
Joseph barely misses you.
You slash Joseph! You headbutt Joseph!
Joseph is almost dead.
Your ring mail prevents you from hitting the ogre.
The ogre closely misses you. You furiously retaliate!
You headbutt the ogre, but do no damage.
Joseph drinks a potion.
Joseph is healed!
You slice Joseph!! Your headbutt misses Joseph.
Joseph is almost dead.
You barely miss the ogre. The ogre hits you with a giant club!
* * * LOW HITPOINT WARNING * * *
Joseph hits you with a quarterstaff of pain!
* * * LOW HITPOINT WARNING * * *
You writhe in agony.
* * * LOW HITPOINT WARNING * * *
You gain the combat prowess of a mighty hero.
The ogre completely misses you.
Joseph hits you with a quarterstaff of pain.
You die...

#..........#.......
###........#.....#
#........#.....#
#........#.....+
+........'.....#
#........#.....#
#...[....#.....#
#........#.....#
#........#.@...#
#........#.O@..#
........#...Y.#
.......#.....#
#....... .........
..........
...........


You could see Joseph, a sky beast (invisible) and an ogre.

Vanquished Creatures
  Prince Ribbit (D:9)
  Eustachio (D:6)
  Menkaure (D:6)
  A sky beast (D:7)
  A phantom (D:5)
  4 ogres
  A centaur (D:9)
  Blork the orc (D:5)
  3 bullfrogs
  A centaur zombie (D:8)
  2 crimson imps
  2 jellies
  2 bullfrog zombies
  4 orc priests
  6 hounds
  A bullfrog skeleton (D:6)
  5 worker ants
  An iguana (D:5)
  5 orc wizards
  A hound skeleton (D:7)
  8 gnolls
  14 adders
  2 shadow imps
  An ooze (D:2)
  An adder skeleton (D:7)
  2 worms
  A dart slug (D:1)
  3 leopard geckos
  24 orcs
  9 giant cockroaches
  4 goblins
  7 hobgoblins
  19 jackals
  8 quokkas
  A ball python (D:6)
  10 bats
  4 frilled lizards
  7 kobolds
  A quokka zombie (D:8)
  16 rats
  A butterfly (D:4)
187 creatures vanquished.

Notes
Turn   | Place    | Note
-------+----------+-------------------------------------------
     0 | D:1      | broliato the Minotaur Gladiator began the quest for the Orb.
     0 | D:1      | Reached XP level 1. HP: 18/18 MP: 0/0
   121 | D:1      | Reached XP level 2. HP: 25/25 MP: 1/1
   297 | D:1      | Reached skill level 4 in Axes
   507 | D:1      | Reached XP level 3. HP: 30/30 MP: 2/2
   873 | D:2      | Reached skill level 1 in Armour
   880 | D:2      | Reached XP level 4. HP: 25/38 MP: 3/3
  1435 | D:3      | Reached skill level 5 in Axes
  1566 | D:3      | Reached XP level 5. HP: 37/45 MP: 4/4
  2063 | D:3      | Reached skill level 6 in Axes
  2294 | D:4      | Reached XP level 6. HP: 46/51 MP: 5/5
  2849 | D:4      | Found a staircase to the Ecumenical Temple.
  2883 | Temple   | Entered the Ecumenical Temple
  3030 | Temple   | Became a worshipper of Warmaster Okawaru
  3126 | D:4      | Reached skill level 7 in Axes
  3499 | D:5      | Entered Level 5 of the Dungeon
  3530 | D:5      | Reached XP level 7. HP: 57/59 MP: 6/6
  3554 | D:5      | Noticed Blork the orc
  3571 | D:5      | Killed Blork the orc
  3594 | D:5      | Reached skill level 8 in Axes
  3865 | D:5      | Found Sehaepso's Book Emporium.
  4019 | D:5      | Reached * piety under Okawaru
  4133 | D:5      | Reached skill level 5 in Fighting
  4218 | D:6      | Reached XP level 8. HP: 68/68 MP: 7/7
  4434 | D:6      | Found a shattered altar of Ashenzari.
  4449 | D:6      | Noticed Eustachio
  4458 | D:6      | Killed Eustachio
  4458 | D:6      | Reached skill level 9 in Axes
  4458 | D:6      | Reached skill level 5 in Armour
  4458 | D:6      | Reached skill level 5 in Dodging
  4508 | D:6      | Noticed Menkaure
  4515 | D:6      | Killed Menkaure
  4837 | D:6      | Reached ** piety under Okawaru
  5230 | D:7      | Reached skill level 10 in Axes
  6212 | D:8      | Reached XP level 9. HP: 73/78 MP: 8/8
  6224 | D:8      | Got an ancient leather armour
  6240 | D:8      | Identified the +4 leather armour of the Ban {Dex+4} (You found it on level 8 of the Dungeon)
  6242 | D:8      | Found a white marble altar of Elyvilon.
  6304 | D:8      | Reached skill level 11 in Axes
  6511 | D:7      | Found a hide-covered altar of Uskayaw.
  6553 | D:9      | Noticed Prince Ribbit
  6556 | D:9      | Noticed Joseph
  6560 | D:9      | Killed Prince Ribbit
  6560 | D:9      | Reached *** piety under Okawaru
  6565 | D:9      | HP: 1/78 [Joseph/quarterstaff of pain (3)]
  6566 | D:9      | Slain by Joseph

Skill      XL: |  1  2  3  4  5  6  7  8  9 |
---------------+----------------------------+-----
Axes           | 4 5 6 7 8 10 11 | 11.4
Dodging        | 4 5 |  5.4
Fighting       | 3 4 5 6 |  6.9
Armour         | 1 2 3 4 5 6 |  6.1
Throwing       | |  2.0

Action                   |  1- 3 |  4- 6 |  7- 9 || total
-------------------------+-------+-------+-------++-------
Melee: War axe           |    82 |   138 |    21 ||   241
       Headbutt          |    13 |    26 |    30 ||    69
       Battleaxe         |       |       |   130 ||   130
Invok: Heroism           |       |       |     1 ||     1
  Use: Scroll            |     3 |     2 |     3 ||     8
       Potion            |       |     1 |     1 ||     2
  Eat: Chunk             |       |     3 |     2 ||     5
       Ration            |       |     2 |     2 ||     4
Armor: Leather armour    |    22 |     1 |       ||    23
       Ring mail         |       |    43 |    37 ||    80
Dodge: Dodged            |    52 |   103 |    99 ||   254
